 Dungeon Crawl Stone Soup version 0.26-a0-660-gc07710193c (webtiles) character file.

Game seed: 12758490976172376100

15173 pichaelthompson the Blocker (level 12, -1/97 HPs)
             Began as a Gnoll Fighter on Oct 7, 2020.
             Was a Believer of Ashenzari.
             Slain by an entropy weaver (8 damage)
             ... on level 4 of the Abyss.
             The game lasted 00:30:40 (18345 turns).

pichaelthompson the Blocker (Gnoll Fighter)        Turns: 18345, Time: 00:30:41

Health: -1/97      AC: 11    Str: 19    XL:     12   Next: 24%
Magic:  22/22      EV: 11    Int: 10    God:    Ashenzari [**....]
Gold:   951        SH: 13    Dex: 20    Spells: 25/25 levels left

rFire    . . .     SeeInvis .   a - +1 scimitar (flame) (curse)
rCold    + . .     Faith    .   c - +0 kite shield (curse)
rNeg     . . .     Spirit   .   g - +0 chain mail {rC+}
rPois    .         Reflect  .   A - +2 hat
rElec    .         Harm     .   y - +2 cloak
rCorr    .         Rampage  .   B - +0 pair of gloves
MR       .....                  x - +0 pair of boots
Stlth    +.........             (no amulet)
HPRegen  0.26/turn              (no ring)
MPRegen  0.18/turn              (no ring)

@: corroded
A: distributed training, fangs 1, strong nose
a: Curse Item, Scrying, Renounce Religion


You were on level 4 of the Abyss.
You worshipped Ashenzari.
Ashenzari was pleased with you.
You visited 3 branches of the dungeon, and saw 15 of its levels.
You visited the Abyss 1 time.
You also visited: Gauntlet.

You collected 951 gold pieces.

Inventory:

Hand Weapons
 a - a cursed +1 scimitar of flaming (weapon)
 D - a +5 long sword
Missiles
 s - 22 boomerangs (quivered)
Armour
 c - a cursed +0 kite shield (worn)
 g - a +0 chain mail of cold resistance (worn)
 x - a +0 pair of boots (worn)
 y - a +2 cloak (worn)
 A - a +2 hat (worn)
 B - a +0 pair of gloves (worn)
Wands
 q - a wand of disintegration (3)
 r - a wand of digging (2)
 z - a wand of acid (7)
 F - a wand of iceblast (8)
 I - a wand of flame (15)
 N - a wand of polymorph (3)
Scrolls
 b - 7 scrolls of teleportation {unknown}
 h - 5 scrolls of amnesia {unknown}
 i - 2 scrolls of noise {unknown}
 k - 4 scrolls of enchant armour {unknown}
 l - a scroll of fog {unknown}
 m - 3 scrolls of enchant weapon {unknown}
 t - 9 scrolls of remove curse
 u - 2 scrolls of random uselessness {unknown}
 v - a scroll of fear {unknown}
 C - a scroll of brand weapon {unknown}
 K - a scroll of blinking {unknown}
 O - 2 scrolls of vulnerability {unknown}
 P - 2 scrolls of magic mapping {unknown}
Potions
 d - 3 potions of might
 e - 2 potions of ambrosia
 f - 4 potions of heal wounds
 j - a potion of berserk rage
 n - a potion of resistance
 o - 6 potions of haste
 p - a potion of lignification
 w - 2 potions of curing
 E - a potion of degeneration {unknown}
 G - 2 potions of brilliance
 H - a potion of cancellation {unknown}
 J - 3 potions of magic
 M - a potion of flight {unknown}


   Skills:
 + Level 9.7 Fighting
 + Level 7.1 Short Blades
 + Level 8.5(10.8) Long Blades
 + Level 7.1 Axes
 + Level 7.1 Maces & Flails
 + Level 7.1 Polearms
 + Level 7.1 Staves
 + Level 7.1 Slings
 + Level 7.1 Bows
 + Level 7.1 Crossbows
 + Level 7.1 Throwing
 + Level 9.7 Armour
 + Level 7.1 Dodging
 + Level 7.1 Stealth
 + Level 9.7(11.1) Shields
 + Level 7.1 Unarmed Combat
 + Level 7.1 Spellcasting
 + Level 5.9 Conjurations
 + Level 5.9 Hexes
 + Level 5.9 Summonings
 + Level 5.9 Necromancy
 + Level 5.9 Translocations
 + Level 5.9 Transmutations
 + Level 5.9 Fire Magic
 + Level 5.9 Ice Magic
 + Level 5.9 Air Magic
 + Level 5.9 Earth Magic
 + Level 5.9 Poison Magic
 + Level 7.8 Invocations
 + Level 7.1 Evocations


You had 25 spell levels left.
You didn't know any spells.
Your spell library contained the following spells:

 Spells                   Type           Power        Failure   Level
 Magic Dart               Conj           ###.         22%         1
 Blink                    Tloc           N/A          32%         2
 Call Imp                 Summ           ###.....     32%         2
 Slow                     Hex            ###.....     32%         2
 Conjure Flame            Conj/Fire      ###.....     54%         3
 Mephitic Cloud           Conj/Pois/Air  ###.....     54%         3
 Cause Fear               Hex            ###.......   91%         4
 Silence                  Hex/Air        ###.......   99%         5
 Yara's Violent Unravell  Hex/Tmut       ###.......   99%         5
 Discord                  Hex            ###.......   100%        8


Dungeon Overview and Level Annotations

Branches:
Dungeon (12/15)            Temple (1/1) D:6            Lair (0/6) D:10
    Orc (2/2) D:10        Gauntlet (visited)
    Elf: Orc:2

Altars:
Ashenzari
Cheibriados
Dithmenos
Elyvilon
Fedhas
Gozag
Hepliaklqana
Kikubaaqudgha
Makhleb
Nemelex Xobeh
Okawaru
Qazlal
Ru
Sif Muna
Trog
Uskayaw
Vehumet
Wu Jian
Xom
Yredelemnul
Zin
The Shining One

Shops:
D:8 }   Orc:1 =   Orc:2 }

Annotations:
D:9 Prince Ribbit Gauntlet 13 transporters


Innate Abilities, Weirdness & Mutations

Your experience applies equally to all skills.
You have very sharp teeth.
Your uncanny sense of smell can sniff out nearby items.


Message History

The blink frog blinks!
You completely miss the entropy weaver.
You bite the entropy weaver, but do no damage.
The blink frog barely misses you.
You riposte.
You hit the blink frog. You burn the blink frog.
You kill the blink frog!
The blink frog hits you.
* * * LOW HITPOINT WARNING * * *
You block the blink frog's attack. The entropy weaver barely misses you.
You riposte.
You hit the entropy weaver. You burn the entropy weaver.
You bite the entropy weaver, but do no damage.
The entropy weaver is lightly wounded.
The entropy weaver misses you. The entropy weaver hits you!
* * * LOW HITPOINT WARNING * * *
You block the entropy weaver's attack.
You feel much better.
The blink frog blinks!
The blink frog misses you. The blink frog hits you!
* * * LOW HITPOINT WARNING * * *
You block the entropy weaver's attack. The entropy weaver hits you!
You die...

, ,* , , , , *
.. , .., , , ,
#.# , , .. ,,
, ...,, , #.
#. , #.#* ,
.,.. .,..#
.#.... , .
#.#{ #...., ,,
...#.#B##..#*,
, .F....F@.# ,
* , ....#.§F.#
, , * .
≈#≈.≈≈≈#,≈ ,,
, .....≈≈#. ,
...≈....≈≈≈≈ ,
,,..#.....#.#.
, ,
....#.#.#....,
, ..........
.. , , .... .
,... .#


You could see an entropy weaver and 3 blink frogs.

Vanquished Creatures
  A hydra (D:11)
  2 boulder beetles
  2 two-headed ogres
  Erica (D:9)
  An orc knight (D:10)
  Pikel (D:3)
  An orc sorcerer (Orc:1)
  A centaur zombie (D:8)
  A gargoyle (D:11)
  A komodo dragon (D:10)
  2 trolls
  A hornet (D:9)
  A blink frog (Abyss:4)
  3 yaks (D:11)
  A wraith (D:9)
  Grum (D:8)
  Menkaure (D:4)
  A warg (Orc:2)
  2 water moccasins (D:10)
  3 black bears
  A phantom (D:10)
  14 orc warriors
  2 ice beasts
  3 sky beasts
  8 ogres
  4 wolves
  5 centaurs
  2 lemures (D:3)
  5 bullfrogs
  7 scorpions
  11 killer bees
  9 wights
  4 howler monkeys
  3 hounds
  A wyvern simulacrum (D:9)
  A bullfrog skeleton (D:6)
  4 jellies
  11 orc priests
  A centaur skeleton (D:4)
  17 orc wizards
  4 iguanas
  Natasha (D:4)
  7 worker ants
  A killer bee zombie (D:10)
  3 hound zombies
  A hound skeleton (D:6)
  2 worker ant zombies (D:4)
  14 adders
  A howler monkey skeleton (D:6)
  4 gnolls
  5 shadow imps
  2 white imps
  An ooze (D:1)
  3 adder zombies
  2 adder skeletons
  A dart slug (D:3)
  A leopard gecko (D:5)
  62 orcs
  6 bats
  6 giant cockroaches
  23 goblins
  12 hobgoblins
  12 jackals
  2 quokkas (D:3)
  4 frilled lizards
  A giant cockroach zombie (D:4)
  2 jackal skeletons (D:6)
  15 kobolds
  A quokka zombie (D:4)
  7 rats
347 creatures vanquished.

Vanquished Creatures (others)
  34 fungi (D:10)
  40 plants
74 creatures vanquished.

Grand Total: 421 creatures vanquished

Notes
Turn   | Place    | Note
-------+----------+-------------------------------------------
     0 | D:1      | pichaelthompson the Gnoll Fighter began the quest for the
                  | Orb.
     0 | D:1      | Reached XP level 1. HP: 23/23 MP: 1/1
    92 | D:1      | Reached XP level 2. HP: 21/29 MP: 2/2
   417 | D:1      | Reached XP level 3. HP: 35/35 MP: 3/3
   911 | D:2      | Reached skill level 1 in Invocations
   943 | D:2      | Reached skill level 1 in Short Blades
   943 | D:2      | Reached skill level 1 in Axes
   943 | D:2      | Reached skill level 1 in Maces & Flails
   943 | D:2      | Reached skill level 1 in Polearms
   943 | D:2      | Reached skill level 1 in Staves
   943 | D:2      | Reached skill level 1 in Slings
   943 | D:2      | Reached skill level 1 in Bows
   943 | D:2      | Reached skill level 1 in Crossbows
   943 | D:2      | Reached skill level 1 in Throwing
   943 | D:2      | Reached skill level 1 in Dodging
   943 | D:2      | Reached skill level 1 in Stealth
   943 | D:2      | Reached skill level 1 in Unarmed Combat
   943 | D:2      | Reached skill level 1 in Spellcasting
   943 | D:2      | Reached skill level 1 in Evocations
   943 | D:2      | Reached XP level 4. HP: 41/41 MP: 5/5
  1431 | D:3      | Reached skill level 1 in Conjurations
  1431 | D:3      | Reached skill level 1 in Hexes
  1431 | D:3      | Reached skill level 1 in Summonings
  1431 | D:3      | Reached skill level 1 in Necromancy
  1431 | D:3      | Reached skill level 1 in Translocations
  1431 | D:3      | Reached skill level 1 in Transmutations
  1431 | D:3      | Reached skill level 1 in Fire Magic
  1431 | D:3      | Reached skill level 1 in Ice Magic
  1431 | D:3      | Reached skill level 1 in Air Magic
  1431 | D:3      | Reached skill level 1 in Earth Magic
  1431 | D:3      | Reached skill level 1 in Poison Magic
  1446 | D:3      | Reached XP level 5. HP: 17/47 MP: 6/6
  1646 | D:3      | Found a burning altar of Makhleb.
  2124 | D:4      | Noticed Pikel
  2124 | D:4      | Noticed a lemure
  2124 | D:4      | Noticed a lemure
  2124 | D:4      | Noticed a lemure
  2124 | D:4      | Noticed a lemure
  2160 | D:3      | Killed a lemure
  2199 | D:3      | Killed a lemure
  2480 | D:3      | Killed Pikel
  2480 | D:3      | Reached skill level 5 in Long Blades
  2480 | D:3      | Reached XP level 6. HP: 25/55 MP: 7/9
  2480 | D:3      | Reached XP level 7. HP: 28/60 MP: 7/10
  2658 | D:4      | Got a steaming rapier
  2659 | D:4      | Identified the cursed +0 rapier "Kuigh" {vorpal, rF+ rC++
                  | Str-3} (You found it on level 4 of the Dungeon)
  3240 | D:4      | Found an iron altar of Okawaru.
  3358 | D:4      | Found a shimmering altar of Xom.
  3468 | D:4      | Found a snail-covered altar of Cheibriados.
  3537 | D:4      | Reached XP level 8. HP: 62/67 MP: 12/12
  3708 | D:4      | Noticed Menkaure
  3733 | D:4      | Killed Menkaure
  4155 | D:4      | Noticed Natasha
  4159 | D:4      | Killed Natasha
  4284 | D:5      | Entered Level 5 of the Dungeon
  5361 | D:6      | Found a shimmering blue altar of Sif Muna.
  5423 | D:6      | Found a staircase to the Ecumenical Temple.
  5437 | Temple   | Entered the Ecumenical Temple
  5499 | Temple   | Became a worshipper of Ashenzari the Shackled
  5655 | D:6      | Noticed a two-headed ogre
  6006 | D:6      | Killed a two-headed ogre
  6006 | D:6      | Reached XP level 9. HP: 25/74 MP: 13/15
  7323 | D:7      | Reached skill level 5 in Invocations
  7666 | D:8      | Noticed Grum
  8057 | D:7      | Reached XP level 10. HP: 6/80 MP: 17/17
  8490 | D:8      | Killed Grum
  8622 | D:8      | Identified the +3 quarterstaff of Plog {flame, rPois Dex+4}
  8662 | D:8      | Reached skill level 5 in Short Blades
  8662 | D:8      | Reached skill level 5 in Axes
  8662 | D:8      | Reached skill level 5 in Maces & Flails
  8662 | D:8      | Reached skill level 5 in Polearms
  8662 | D:8      | Reached skill level 5 in Staves
  8662 | D:8      | Reached skill level 5 in Slings
  8662 | D:8      | Reached skill level 5 in Bows
  8662 | D:8      | Reached skill level 5 in Crossbows
  8662 | D:8      | Reached skill level 5 in Throwing
  8662 | D:8      | Reached skill level 5 in Dodging
  8662 | D:8      | Reached skill level 5 in Stealth
  8662 | D:8      | Reached skill level 5 in Unarmed Combat
  8662 | D:8      | Reached skill level 5 in Spellcasting
  8662 | D:8      | Reached skill level 5 in Evocations
  9553 | D:8      | Found Enuwufem's Gadget Shoppe.
  9816 | D:9      | Found a hazy altar of Hepliaklqana.
  9816 | D:9      | Found a hide-covered altar of Uskayaw.
  9816 | D:9      | Found a basalt altar of Yredelemnul.
  9816 | D:9      | Found a sacrificial altar of Ru.
 10255 | D:9      | Found a blossoming altar of Fedhas.
 10255 | D:9      | Found an ornate altar of the Wu Jian Council.
 10345 | D:9      | Reached * piety under Ashenzari
 10359 | D:9      | Noticed Erica
 10401 | D:9      | Killed Erica
 10852 | D:9      | Found a stormy altar of Qazlal.
 11543 | D:9      | Noticed Prince Ribbit
 11991 | D:9      | Noticed a two-headed ogre
 12533 | D:9      | Killed a two-headed ogre
 12533 | D:9      | Reached XP level 11. HP: 28/89 MP: 19/19
 12949 | D:9      | Reached skill level 5 in Conjurations
 12949 | D:9      | Reached skill level 5 in Hexes
 12949 | D:9      | Reached skill level 5 in Summonings
 12949 | D:9      | Reached skill level 5 in Necromancy
 12949 | D:9      | Reached skill level 5 in Translocations
 12949 | D:9      | Reached skill level 5 in Transmutations
 12949 | D:9      | Reached skill level 5 in Fire Magic
 12949 | D:9      | Reached skill level 5 in Ice Magic
 12949 | D:9      | Reached skill level 5 in Air Magic
 12949 | D:9      | Reached skill level 5 in Earth Magic
 12949 | D:9      | Reached skill level 5 in Poison Magic
 13208 | D:10     | Entered Level 10 of the Dungeon
 13665 | D:10     | Found a staircase to the Lair.
 14344 | D:10     | Found a staircase to the Orcish Mines.
 14504 | D:10     | Reached ** piety under Ashenzari
 14601 | D:11     | Noticed a boulder beetle
 14611 | D:10     | Killed a boulder beetle
 15120 | D:11     | Noticed a boulder beetle
 15128 | D:11     | Noticed Psyche
 15134 | D:10     | Noticed Psyche
 15134 | D:10     | Psyche changed into Psyche the wolf
 15141 | D:10     | Killed Psyche the wolf
 15674 | D:11     | Killed a boulder beetle
 16051 | D:11     | Noticed an eight-headed hydra
 16063 | D:11     | Killed a four-headed hydra
 16237 | D:12     | Noticed a death knight
 16237 | D:12     | Noticed a skeletal warrior
 16282 | Orc:1    | Entered Level 1 of the Orcish Mines
 16282 | Orc:1    | Found Zibrar Vangu's Jewellery Shoppe.
 16285 | Orc:1    | Noticed an orc sorcerer
 16293 | Orc:1    | Killed an orc sorcerer
 16324 | Orc:1    | Reached XP level 12. HP: 64/96 MP: 22/22
 17168 | Orc:1    | Found a bloodstained altar of Trog.
 18004 | Orc:2    | Entered Level 2 of the Orcish Mines
 18095 | Orc:2    | Found Futsuor's Gadget Shop.
 18110 | Orc:2    | Found a gate leading to a gauntlet.
 18130 | Gauntlet | Entered a Gauntlet
 18130 | Gauntlet | Found a transporter.
 18139 | Gauntlet | Found a transporter.
 18142 | Gauntlet | Found a transporter.
 18148 | Gauntlet | Found a transporter.
 18156 | Gauntlet | Found a transporter.
 18160 | Gauntlet | Found a transporter.
 18166 | Gauntlet | Found a transporter.
 18175 | Gauntlet | Found a transporter.
 18178 | Gauntlet | Found a transporter.
 18180 | Gauntlet | Noticed a shock serpent
 18184 | Gauntlet | Found a transporter.
 18184 | Gauntlet | a shock serpent changed into a slime creature
 18192 | Gauntlet | Found a transporter.
 18196 | Gauntlet | Noticed a two-headed ogre
 18196 | Gauntlet | a torpor snail changed into a two-headed ogre
 18197 | Gauntlet | Found a transporter.
 18200 | Gauntlet | a two-headed ogre changed into a shining eye
 18202 | Gauntlet | Found a transporter.
 18213 | Gauntlet | Found a transporter.
 18236 | Gauntlet | Noticed an anaconda
 18238 | Gauntlet | an anaconda changed into a snapping turtle
 18315 | Gauntlet | Cast into level 3 of the Abyss (a wizard)
 18319 | Abyss:3  | Noticed a deep elf elementalist
 18324 | Abyss:3  | Noticed a wretched star
 18338 | Abyss:4  | Noticed an entropy weaver
 18345 | Abyss:4  | Slain by an entropy weaver

Illustrated notes

Levels and vault maps discovered:
D:1:      dpeg_chamrin_arrival_tetris, layout_basic
D:2:      layout_basic
D:3:      layout_loops_ring, lemuel_round_altar
D:4:      corexii_shantytown, layout_basic, nicolae_overflow_crystal_walls,
          kennysheep_okawaru_gauntlet, lemuel_doored_altar, serial_undead,
          serial_undead_b, serial_undead_e, serial_undead_a, serial_undead_e,
          serial_park_tiny_2, uniq_natasha, uniq_pikel, uniq_menkaure
D:5:      layout_cave_pods
D:6:      layout_loops_ring, led_sif_book, minmay_temple_entry_overgrown
D:7:      layout_basic, uniq_crazy_yiuf_cottage, uniq_joseph
D:8:      layout_gridville, serial_shops, kennysheep_mini_moat,
          hangedman_decor_slide_cut, uniq_grum
D:9:      minmay_bloctagon_deflated, layout_long_grid,
          overflow_temple_1_default, grunt_temple_overflow_open, uniq_erica,
          uniq_prince_ribbit1
D:10:     layout_long_grid, due_lair_maze_entry_diamond, orc_0_dummy
D:11:     layout_irregular_city, uniq_psyche
D:12:     minmay_box_of_statues, layout_long_grid, uniq_fannar
Temple:   dpeg_chambers_temple
Orc:1:    layout_caves, minmay_shop_enchanted_jewellery, trog_hazing_becter
Orc:2:    st_orc_open, layout_caves, serial_shops, shop,
          nicolae_shop_behind_doors, shop, shop, gauntlet_entry_generic,
          bloody_makhleb
Abyss:4:  base: Orc:2, nicolae_abyss_rune_left_handed,
          hangedman_abyss_or_decor_jellyfish_corner
Gauntlet: gammafunk_gauntlet_77_escape_option [minmay_gauntlet_arena_77_fan,
          minmay_gauntlet_arena_77_two_paths,
          minmay_gauntlet_arena_77_tiled_triplets,
          minmay_gauntlet_arena_77_p_blocks, minmay_gauntlet_arena_77_box,
          gauntlet_exit_hidden_loot]

Skill      XL: |  1  2  3  4  5  6  7  8  9 10 11 12 |
---------------+-------------------------------------+-----
Invocations    | 1 2 3 4 5 6 7 |  7.8
Short Blades   | 1 2 4 5 6 7 |  7.1
Axes           | 1 2 4 5 6 7 |  7.1
Maces & Flails | 1 2 4 5 6 7 |  7.1
Polearms       | 1 2 4 5 6 7 |  7.1
Staves         | 1 2 4 5 6 7 |  7.1
Slings         | 1 2 4 5 6 7 |  7.1
Bows           | 1 2 4 5 6 7 |  7.1
Crossbows      | 1 2 4 5 6 7 |  7.1
Throwing       | 1 2 4 5 6 7 |  7.1
Dodging        | 1 2 4 5 6 7 |  7.1
Stealth        | 1 2 4 5 6 7 |  7.1
Unarmed Combat | 1 2 4 5 6 7 |  7.1
Spellcasting   | 1 2 4 5 6 7 |  7.1
Evocations     | 1 2 4 5 6 7 |  7.1
Conjurations   | 1 2 3 4 5 |  5.9
Hexes          | 1 2 3 4 5 |  5.9
Summonings     | 1 2 3 4 5 |  5.9
Necromancy     | 1 2 3 4 5 |  5.9
Translocations | 1 2 3 4 5 |  5.9
Transmutations | 1 2 3 4 5 |  5.9
Fire Magic     | 1 2 3 4 5 |  5.9
Ice Magic      | 1 2 3 4 5 |  5.9
Air Magic      | 1 2 3 4 5 |  5.9
Earth Magic    | 1 2 3 4 5 |  5.9
Poison Magic   | 1 2 3 4 5 |  5.9
Fighting       | 7 8 9 |  9.7
Long Blades    | 5 6 7 8 |  8.5
Armour         | 7 8 9 |  9.7
Shields        | 7 8 9 |  9.7

Action                   |  1- 3 |  4- 6 |  7- 9 | 10-12 || total
-------------------------+-------+-------+-------+-------++-------
Melee: Long sword        |    79 |   160 |     6 |       ||   245
       Bite              |     6 |    23 |    54 |   135 ||   218
       Rapier            |       |       |   523 |   470 ||   993
       Scimitar          |       |       |       |   460 ||   460
Throw: Boomerang         |       |       |    34 |    19 ||    53
Invok: Curse Item        |       |       |     1 |     1 ||     2
Evoke: Wand              |       |       |     3 |    21 ||    24
  Use: Scroll            |       |       |     7 |     3 ||    10
       Potion            |       |       |       |     2 ||     2
Armor: Scale mail        |    24 |       |       |       ||    24
       Chain mail        |    20 |    60 |    74 |   141 ||   295
       Plate armour      |       |       |   216 |   235 ||   451
Dodge: Dodged            |    33 |    19 |   133 |   312 ||   497
Block: Kite shield       |    48 |    98 |   338 |   620 ||  1104
       Rpst.: Long sword |    11 |     6 |     1 |       ||    18
       Scimitar          |       |       |       |    46 ||    46

Table legend: (Time is in decaauts)
 A = Elapsed time spent in this place.
 B = Non-inter-level travel time spent in this place.
 C = Inter-level travel time spent in this place.
 D = Time resting spent in this place.
 E = Time spent auto-exploring this place.
 F = Levels seen in this place.
 G = Mean time per level.
                   A        B        C        D        E       F      G
               +--------+--------+--------+--------+--------+-----+--------+
         Total |  18466 |  18391 |     75 |   6037 |   7948 |  18 | 1025.9 |
       Dungeon |  16932 |  16857 |     75 |   5863 |   7360 |  12 | 1411.0 |
        Temple |    212 |    212 |      0 |      0 |    202 |   1 |  212.0 |
  Orcish Mines |   1107 |   1107 |      0 |    168 |    386 |   2 |  553.5 |
         Abyss |     28 |     28 |      0 |      6 |      0 |   2 |   14.0 |
      Gauntlet |    184 |    184 |      0 |      0 |      0 |   1 |  184.0 |
               +--------+--------+--------+--------+--------+-----+--------+

Top non-repeatable levels by time:
    D:10: 2577 daAuts
     D:9: 2452 daAuts
     D:8: 2404 daAuts
     D:4: 1667 daAuts
     D:3: 1469 daAuts
     D:6: 1398 daAuts
     D:7: 1272 daAuts
     D:5: 1246 daAuts
    D:11: 1215 daAuts
   Orc:1: 1069 daAuts
     D:1: 699 daAuts
     D:2: 525 daAuts
  Temple: 212 daAuts
Gauntlet: 184 daAuts
   Orc:2: 37 daAuts
